 Dungeon Crawl Stone Soup version 0.23-a0-33-g1e3a2e4e2f (webtiles) character file.

25535 Flugkiller the Summoner (level 12, -9/84 HPs)
             Began as a Mummy Summoner on Aug 5, 2018.
             Was a High Priest of Hepliaklqana.
             Mangled by a white ugly thing (15 damage)
             ... on level 11 of the Dungeon.
             The game lasted 00:41:41 (24230 turns).

Flugkiller the Summoner (Mummy Summoner)           Turns: 24230, Time: 00:41:41

Health: -9/84      AC: 13    Str: 15    XL:     12   Next: 90%
Magic:  6/24       EV: 16    Int: 17    God:    Hepliaklqana [*****.]
Gold:   1045       SH:  0    Dex: 13    Spells: 14/27 levels left

rFire    . . .     SeeInvis +   f - +3 trident (freeze)
rCold    + . .     Gourm    .   (no shield)
rNeg     + + +     Faith    .   a - +2 robe {rF+}
rPois    ∞         Spirit   .   z - +1 helmet {SInv}
rElec    .         Reflect  .   s - +1 cloak
rCorr    .         Harm     .   D - +0 pair of gloves
MR       +....                  j - +2 pair of boots
Stlth    ++........             (no amulet)
HPRegen  0.24/turn              t - +2 ring of strength
MPRegen  0.19/turn              (no ring)

@: barbed spikes
A: no food or potions, fire vulnerability, reduced essence, cold resistance 1,
negative energy resistance 3, torment resistance, unbreathing
a: Recall Ancestor, Ancestor Identity, Transference, Idealise, Renounce Religion


You were on level 11 of the Dungeon.
You worshipped Hepliaklqana.
Hepliaklqana was extremely pleased with you.
You were not hungry.

You visited 3 branches of the dungeon, and saw 18 of its levels.
You also visited: Volcano.

You collected 1045 gold pieces.

Inventory:

Hand Weapons
 f - a +3 trident of freezing (weapon)
Missiles
 c - 2 throwing nets (quivered)
Armour
 a - a +2 robe of fire resistance (worn)
 g - a +3 leather armour of magic resistance
 j - a +2 pair of boots (worn)
 s - a +1 cloak (worn)
 z - a +1 helmet of see invisible (worn)
 A - the cursed +1 ring mail of Joykhlo {MR+++ Regen+ Str-3 Dex-5}
   (You found it on level 9 of the Dungeon)

   It affects your strength (-3).
   It affects your dexterity (-5).
   It affects your resistance to hostile enchantments.
   It increases your rate of regeneration.
   It has a curse placed upon it.
 D - a +0 pair of gloves (worn)
Jewellery
 t - a +2 ring of strength (left hand)
 F - an uncursed ring of ice
Wands
 e - a wand of flame (8)
 k - a wand of disintegration (8)
 o - a wand of digging (19)
 u - a wand of enslavement (13)
 v - a wand of iceblast (17)
 x - a wand of polymorph (19)
 B - a wand of paralysis (13)
 E - a wand of random effects (20)
Scrolls
 b - a scroll of magic mapping
 d - 5 scrolls of teleportation
 h - a scroll of remove curse
 i - 4 scrolls of amnesia
 l - a scroll of blinking
 m - 2 scrolls of immolation
 n - 2 scrolls of enchant weapon
 p - a scroll of brand weapon
 q - a scroll of enchant armour
 r - a scroll of identify
 w - a scroll of fog
 y - a scroll of summoning {unknown}
 C - a scroll of holy word {unknown}


   Skills:
 + Level 8.3 Fighting
 + Level 6.9 Polearms
 + Level 6.8 Armour
 + Level 7.1 Dodging
 - Level 1.5 Stealth
 - Level 8.0 Spellcasting
 - Level 10.0 Summonings
 - Level 4.0 Ice Magic
 - Level 4.1 Air Magic
 + Level 0.8 Invocations


You had 14 spell levels left.
You knew the following spells:

 Your Spells              Type           Power        Failure   Level  Hunger
b - Call Imp              Summ           #####...     1%          2    N/A
c - Call Canine Familiar  Summ           #####...     1%          3    N/A
d - Summon Ice Beast      Ice/Summ       ####....     6%          4    N/A
e - Summon Lightning Spi  Summ/Air       ####....     5%          4    N/A

Your spell library contained the following spells:

 Spells                   Type           Power        Failure   Level  Hunger
 Apportation              Tloc           #.....       11%         1    N/A
 Confuse                  Hex            #.......     30%         3    N/A
 Freezing Cloud           Conj/Ice/Air   ###.......   99%         6    N/A
 Summon Small Mammal      Summ           ####         1%          1    N/A
 Animate Dead             Necr           N/A          71%         4    N/A
 Pain                     Necr           #...         11%         1    N/A
 Animate Skeleton         Necr           N/A          11%         1    N/A
 Vampiric Draining        Necr           #.........   30%         3    N/A
 Regeneration             Chrm/Necr      #.........   30%         3    N/A
 Stone Arrow              Conj/Erth      #.....       30%         3    N/A
 Deflect Missiles         Chrm/Air       ##........   100%        6    N/A
 Confusing Touch          Hex            #.....       11%         1    N/A
 Passwall                 Tmut/Erth      #.......     16%         2    N/A
 Metabolic Englaciation   Hex/Ice        ##........   77%         5    N/A
 Lee's Rapid Deconstruct  Erth           #.........   96%         5    N/A
 Sandblast                Erth           #.....       11%         1    N/A
 Petrify                  Tmut/Erth      #.......     71%         4    N/A
 Tornado                  Air            ###.......   100%        9    N/A
 Summon Guardian Golem    Hex/Summ       ###.....     4%          3    N/A
 Gell's Gravitas          Tloc           #.........   30%         3    N/A
 Yara's Violent Unravell  Hex/Tmut       #.........   96%         5    N/A
 Poisonous Vapours        Pois/Air       ##....       7%          2    N/A

Dungeon Overview and Level Annotations

Branches:
Dungeon (11/15)            Temple (1/1) D:4            Lair (6/6) D:8
  Swamp (0/4) Lair:4       Spider (0/4) Lair:3        Slime (0/5) Lair:6
    Orc: D:9-12

Altars:
Ashenzari
Cheibriados
Elyvilon
Gozag
Hepliaklqana
Makhleb
Nemelex Xobeh
Okawaru
Qazlal
Trog
Vehumet
Yredelemnul
Zin
Jiyva

Shops:
D:5 !

Annotations:
D:3 1 runed door
Lair:1 exclusion: oklob plant
Lair:3 1 runed door, Yfik's ghost, journeyman GrEE
Lair:5 exclusion: downstairs


Innate Abilities, Weirdness & Mutations

You do not eat or drink.
Your flesh is vulnerable to fire.
You are immune to poison.
Your flesh is cold resistant. (rC+)
You are immune to negative energy. (rN+++)
You are immune to unholy pain and torment.
You can survive without breathing.
Your life essence is reduced to manifest your ancestor. (-10% HP)


Message History

Evoke which item? (* to show all) (? for menu, Esc to quit)
Okay, then.
Okay, then.
Select a target.
Press: ? - help, Dir - move target cursor, p - manticore The floor.
You can't see anything there.
Try transferring anyway?
Nothing appears to happen.
The white ugly thing bites you!
* * * LOW HITPOINT WARNING * * *
The white ugly thing freezes you! You resist.
* * * LOW HITPOINT WARNING * * *
Xomboy hits the manticore but does no damage.
Xomboy drains the manticore!
Your ice beast hits the white ugly thing but does no damage.
Select a target.
Press: ? - help, Dir - move target cursor The floor.
You can't see anything there.
Try transferring anyway?
Nothing appears to happen.
The white ugly thing bites you!
You die...

...# .####. #.
#..# ..#.# #.# #..
#...# #.# #.##
#..>####.#
#.####(...#..#
##..#.....RH.#
#..........##
###.........u.##
##..........Y.@.##
#................#
##...####........#
##..# #........#
##.# #........#
#.# #........#
##.# #..#####..# #
##.## #.## ### #
##.## #.


You could see the friendly Xomboy the hexer, a white ugly thing, a manticore
(paralysed) and a friendly ice beast.

Vanquished Creatures
  A hydra (Lair:3)
  An unseen horror (D:10)
  A black mamba (Lair:6)
  4 elephants
  A gargoyle (D:10)
  4 blink frogs
  A dream sheep (Lair:5)
  6 hippogriffs
  10 yaks
  Duvessa (D:6)
  2 water moccasins (Lair:6)
  4 porcupines
  A hornet zombie (D:11)
  2 necrophages (D:10)
  An orc warrior (D:10)
  2 wolves (Lair:3)
  A phantom (D:7)
  A centaur (D:8)
  A crocodile (Lair:4)
  2 bullfrogs
  Dowan (D:6)
  3 scorpions
  A killer bee (D:7)
  A wight (D:7)
  A howler monkey (D:10)
  A bullfrog zombie (D:9)
  2 crimson imps
  A hound (D:9)
  2 bullfrog skeletons
  An orc priest (D:10)
  A centaur skeleton (D:9)
  A jelly (D:9)
  2 orc wizards (D:10)
  A hexer (Lair:3)
  2 worker ants
  A killer bee zombie (D:10)
  2 hound zombies
  2 shadow imps
  A worm (Lair:3)
  2 dart slugs
  2 leopard geckos
  6 orcs
  5 giant cockroaches
  3 goblins
  2 hobgoblins
  4 jackals
  A ball python (D:2)
  A bat (D:1)
  A frilled lizard (D:2)
  3 kobolds (D:2)
  A quokka skeleton (D:5)
  4 rats
109 creatures vanquished.

Vanquished Creatures (collateral kills)
  The ghost of meralisa the Covert, a journeyman NaTm of Cheibriados (Lair:2)
  5 hydras
  A catoblepas (Lair:5)
  3 two-headed ogres
  2 black mambas
  14 elephants
  A torpor snail (Lair:3)
  7 spiny frogs
  6 komodo dragons
  2 trolls (D:10)
  3 hippogriffs
  A hornet (D:8)
  9 blink frogs
  A dream sheep (Lair:3)
  A shadow (D:11)
  18 yaks
  6 water moccasins
  2 porcupines
  2 black bears
  2 orc warriors
  3 phantoms
  An eye of draining (D:9)
  4 ogres
  A centaur (D:6)
  3 wolves (Lair:3)
  5 crocodiles
  6 bullfrogs
  A big kobold (D:9)
  A water moccasin zombie (D:11)
  A wyvern skeleton (D:7)
  4 scorpions
  5 killer bees (D:7)
  9 wights
  4 howler monkeys (D:7)
  4 crimson imps
  A centaur skeleton (D:6)
  4 hounds
  6 orc priests
  A gnoll shaman (D:5)
  4 jellies
  A bullfrog skeleton (D:2)
  3 iguanas
  Ijyb (D:4)
  5 orc wizards
  4 worker ants
  A hound skeleton (D:4)
  A worker ant zombie (D:5)
  7 gnolls
  7 adders
  2 shadow imps
  An adder zombie (D:10)
  An adder skeleton (D:4)
  8 worms
  4 leopard geckos
  15 orcs
  5 giant cockroaches
  7 goblins
  9 jackals
  3 quokkas
  6 bats
  3 frilled lizards
  7 kobolds
  A leopard gecko skeleton (D:4)
  A quokka skeleton (D:4)
  A quokka zombie (D:5)
  3 rats
  3 fungi
265 creatures vanquished.

Vanquished Creatures (others)
  21 hexers
  7 ancestors
  18 fungi
  9 plants
55 creatures vanquished.

Grand Total: 429 creatures vanquished

Notes
Turn   | Place    | Note
-------+----------+-------------------------------------------
     0 | D:1      | Flugkiller the Mummy Summoner began the quest for the Orb.
     0 | D:1      | Reached XP level 1. HP: 13/13 MP: 4/4
   670 | D:1      | Reached XP level 2. HP: 17/19 MP: 3/6
   772 | D:1      | Learned a level 2 spell: Call Imp
  1608 | D:2      | Found a hazy altar of Hepliaklqana.
  1734 | D:2      | Became a worshipper of Hepliaklqana the Forgotten
  1807 | D:2      | Reached XP level 3. HP: 21/21 MP: 8/8
  1962 | D:2      | Learned a level 3 spell: Call Canine Familiar
  2102 | D:2      | Reached skill level 4 in Summonings
  2319 | D:2      | Reached XP level 4. HP: 21/27 MP: 5/10
  2361 | D:2      | Learned a level 4 spell: Summon Ice Beast
  3171 | D:3      | Found a runed door.
  3663 | D:4      | Reached skill level 1 in Ice Magic
  3831 | D:4      | Reached XP level 5. HP: 14/31 MP: 0/11
  4139 | D:4      | Noticed an ogre
  4167 | D:4      | Killed an ogre
  4443 | D:4      | Reached * piety under Hepliaklqana
  4530 | D:4      | Noticed Ijyb
  4611 | D:4      | Killed Ijyb
  5137 | D:4      | Found a staircase to the Ecumenical Temple.
  5162 | Temple   | Entered the Ecumenical Temple
  5271 | D:5      | Entered Level 5 of the Dungeon
  5313 | D:5      | Found Mosow's Distillery.
  5327 | D:5      | Found a glowing silver altar of Zin.
  5501 | D:5      | Reached XP level 6. HP: 10/36 MP: 6/12
  5538 | D:5      | Reached skill level 5 in Summonings
  6138 | D:5      | Found a sparkling altar of Nemelex Xobeh.
  6346 | D:5      | Reached XP level 7. HP: 23/41 MP: 9/13
  6635 | D:5      | Reached ** piety under Hepliaklqana
  6636 | D:5      | Remembered your ancestor Xomboy as a hexer
  7078 | D:6      | Reached skill level 6 in Summonings
  7840 | D:6      | Reached skill level 7 in Summonings
  7840 | D:6      | Reached XP level 8. HP: 37/46 MP: 10/14
  8015 | D:6      | Noticed Duvessa
  8016 | D:6      | Noticed Dowan
  8036 | D:6      | Killed Duvessa
  8039 | D:6      | Killed Dowan
  8202 | D:6      | Sweet fire resistance, ahh
  8850 | D:7      | Reached skill level 8 in Summonings
  9367 | D:7      | Learned a level 4 spell: Summon Lightning Spire
  9736 | D:7      | Reached *** piety under Hepliaklqana
  9751 | D:7      | Reached skill level 1 in Fighting
  9819 | D:7      | Reached skill level 1 in Air Magic
 10835 | D:8      | Reached skill level 5 in Spellcasting
 10866 | D:8      | Reached XP level 9. HP: 53/53 MP: 13/16
 10875 | D:8      | Found a staircase to the Lair.
 11146 | D:8      | Reached skill level 9 in Summonings
 11204 | D:8      | Reached **** piety under Hepliaklqana
 11242 | D:8      | Noticed a two-headed ogre
 11252 | D:8      | Killed a two-headed ogre
 11600 | D:8      | Found a bloodstained altar of Trog.
 11753 | Lair:1   | Entered Level 1 of the Lair of Beasts
 11753 | Lair:1   | Noticed a six-headed hydra
 11769 | Lair:1   | Killed a six-headed hydra
 11786 | D:8      | Identified a scroll of acquirement
 11787 | D:8      | Identified the Volume of Air (You acquired it on level 8 of the Dungeon)
 11899 | Lair:1   | Noticed a black mamba
 11907 | Lair:1   | Killed a black mamba
 12013 | Lair:1   | Noticed a komodo dragon
 12026 | Lair:1   | Killed a komodo dragon
 12028 | Lair:1   | Reached XP level 10. HP: 44/58 MP: 14/21
 12088 | Lair:1   | Noticed a spiny frog
 12097 | Lair:1   | Killed a spiny frog
 12244 | Lair:1   | Noticed a spiny frog
 12252 | Lair:1   | Killed a spiny frog
 12252 | Lair:1   | Reached skill level 10 in Summonings
 12408 | Lair:1   | Noticed a seven-headed hydra
 12418 | Lair:1   | Noticed a spiny frog
 12418 | Lair:1   | Killed a seven-headed hydra
 12418 | Lair:1   | Reached skill level 1 in Polearms
 12418 | Lair:1   | Reached skill level 1 in Armour
 12430 | Lair:1   | Killed a spiny frog
 12645 | Lair:1   | Noticed an oklob plant
 13043 | Lair:1   | Noticed a spiny frog
 13052 | Lair:1   | Killed a spiny frog
 13287 | Lair:2   | Noticed a four-headed hydra
 13295 | Lair:2   | Killed a four-headed hydra
 13628 | Lair:2   | Reached ***** piety under Hepliaklqana
 13631 | Lair:2   | Noticed an elephant
 13631 | Lair:2   | Noticed an elephant
 13635 | Lair:2   | Noticed an elephant
 13644 | Lair:2   | Noticed an elephant
 13663 | Lair:2   | Killed an elephant
 13676 | Lair:2   | Noticed an elephant
 14015 | Lair:2   | Found a runed door.
 14015 | Lair:2   | Noticed meralisa's ghost (journeyman NaTm)
 14355 | Lair:2   | Killed an elephant
 14355 | Lair:2   | Reached XP level 11. HP: 66/69 MP: 15/23
 15180 | Lair:2   | Killed meralisa's ghost
 15439 | Lair:3   | Found a runed door.
 15441 | Lair:3   | Noticed Yfik's ghost (journeyman GrEE)
 15576 | Lair:3   | Found a hole to the Spider Nest.
 15624 | Lair:3   | Found a dark tunnel.
 15632 | Volcano  | Entered a volcano
 15679 | Lair:3   | Reached skill level 5 in Fighting
 15884 | Lair:3   | Noticed a four-headed hydra
 15893 | Lair:3   | Killed a four-headed hydra
 16097 | Lair:3   | Noticed a four-headed hydra
 16102 | Lair:3   | Noticed a seven-headed hydra
 16106 | Lair:3   | Killed a four-headed hydra
 16264 | Lair:3   | Killed a seven-headed hydra
 16593 | Lair:3   | Reached skill level 5 in Dodging
 16620 | Lair:3   | Found a radiant altar of Vehumet.
 17226 | Lair:4   | Found a staircase to the Swamp.
 17689 | Lair:4   | Reached skill level 5 in Polearms
 17689 | Lair:4   | Reached skill level 5 in Armour
 18369 | Lair:5   | Reached XP level 12. HP: 74/80 MP: 10/24
 18434 | Lair:5   | Noticed a catoblepas
 19887 | Lair:5   | Killed a catoblepas
 21142 | Lair:6   | Entered Level 6 of the Lair of Beasts
 21163 | Lair:6   | Noticed a four-headed hydra
 21408 | Lair:6   | Found a viscous altar of Jiyva.
 21408 | Lair:6   | Found a staircase to the Slime Pits.
 21595 | Lair:6   | Noticed a catoblepas
 22487 | D:9      | Noticed a two-headed ogre
 22496 | D:9      | Killed a two-headed ogre
 22501 | D:9      | Got a bloodstained ring mail
 22502 | D:9      | Identified the cursed +1 ring mail of Joykhlo {MR+++ Regen+ Str-3 Dex-5} (You found it on level 9 of the Dungeon)
 22871 | D:10     | Entered Level 10 of the Dungeon
 22959 | D:10     | Noticed a two-headed ogre
 22974 | D:10     | Killed a two-headed ogre
 23795 | D:10     | Reached ****** piety under Hepliaklqana
 24230 | D:11     | Mangled by a white ugly thing

Vault maps used:
D:1:      minmay_arrival_checkered_box
D:2:      lemuel_doored_altar, kennysheep_path_1, kennysheep_cluttered_room
D:3:      uniq_crazy_yiuf_cottage
D:4:      minmay_temple_entry_nine_rooms, first_ration, uniq_ijyb
D:5:      minmay_diamond_boxcup, serial_shops, shop, basic_altar,
          nemelex_spade_bored_becter
D:6:      uniq_duvessa
D:7:      columned_hall_lemuel
D:8:      marbit_many_paths, grunt_lair_entry_orc_guard_hut
D:10:     onia_ninara_cookie
Temple:   regret_index_temple_chain_breaker
Lair:1:   minmay_lair_oklob_bushes
Lair:2:   gammafunk_ghost_grave
Lair:3:   nicolae_spider_entry_non_spiders, basic_altar, enter_volcano_2,
          ebering_ghost_reflecting_pool, serial_bayou_pond_d,
          hangedman_lair_generics_rect, serial_bayou_shore_b
Lair:4:   swamp_mist
Lair:5:   minivault_27, wad_woods_road_03, grunt_megastairs_3,
          serial_bayou_shore_b
Lair:6:   due_jungle_book, slime_altar_1, grunt_megastairs_2, uniq_urug,
          uniq_rupert
Volcano:  volcano_aerie

Skill      XL: |  1  2  3  4  5  6  7  8  9 10 11 12 |
---------------+-------------------------------------+-----
Spellcasting   | 3 4 5 7 8 |  8.0
Summonings     | 4 5 7 8 9 10 | 10.0
Ice Magic      | 1 2 3 4 |  4.0
Fighting       | 1 4 6 8 |  8.3
Air Magic      | 1 4 |  4.1
Polearms       | 3 5 6 |  6.9
Armour         | 3 5 6 |  6.8
Dodging        | 3 5 7 |  7.1
Stealth        | |  1.5
Invocations    | |  0.8

Action                   |  1- 3 |  4- 6 |  7- 9 | 10-12 || total
-------------------------+-------+-------+-------+-------++-------
Melee: Short sword       |    73 |    12 |       |       ||    85
       Club              |     2 |       |       |       ||     2
       Unarmed           |     1 |       |       |       ||     1
       Falchion          |       |    81 |    27 |       ||   108
       Trident           |       |       |   131 |   462 ||   593
 Cast: Summon Small Mamm |    25 |       |       |       ||    25
       Call Imp          |    19 |       |     9 |       ||    28
       Call Canine Famil |     4 |    41 |    22 |       ||    67
       Summon Ice Beast  |       |       |    43 |   194 ||   237
       Summon Lightning  |       |       |       |    25 ||    25
Invok: Ancestor Identity |     1 |       |       |       ||     1
       Recall Ancestor   |       |     3 |     2 |    13 ||    18
       Ancestor Life: He |       |       |     1 |       ||     1
       Transference      |       |       |       |     2 ||     2
Evoke: Wand              |       |       |     1 |     1 ||     2
  Use: Scroll            |       |     9 |     5 |    11 ||    25
 Stab: Sleeping          |     1 |     1 |       |     3 ||     5
       Distracted        |       |       |     3 |    18 ||    21
       Confused          |       |       |       |     6 ||     6
Armor: Robe              |    35 |     6 |    47 |   145 ||   233
       Leather armour    |       |    22 |    14 |       ||    36
Dodge: Dodged            |    96 |    79 |   123 |   336 ||   634
       Rpst.: Falchion   |       |    20 |     7 |       ||    27

Table legend:
 A = Spawn XP
 B = Non-spawn XP
 C = Spawn XP percentage of total XP
 D = Spawn monster count
 E = Non-spawn monster count
 F = Spawn count percentage of total count
 G = Total turns spent on level
                    A         B        C        D         E        F      G
               +---------+---------+-------+---------+---------+-------+---------
         Total |       0 |   36479 |   0.0 |       0 |     370 |   0.0 | 24230
               +---------+---------+-------+---------+---------+-------+---------
           D:1 |       0 |      19 |   0.0 |       0 |      16 |   0.0 |  1304
           D:2 |       0 |      87 |   0.0 |       0 |      29 |   0.0 |  1191
           D:3 |       0 |      33 |   0.0 |       0 |      13 |   0.0 |   887
           D:4 |       0 |     194 |   0.0 |       0 |      17 |   0.0 |  1830
           D:5 |       0 |     661 |   0.0 |       0 |      31 |   0.0 |  1737
           D:6 |       0 |     736 |   0.0 |       0 |      16 |   0.0 |  2325
           D:7 |       0 |     872 |   0.0 |       0 |      32 |   0.0 |  1401
           D:8 |       0 |    1727 |   0.0 |       0 |      17 |   0.0 |  1139
           D:9 |       0 |     970 |   0.0 |       0 |      22 |   0.0 |   723
          D:10 |       0 |    3942 |   0.0 |       0 |      42 |   0.0 |  1220
          D:11 |       0 |     479 |   0.0 |       0 |       5 |   0.0 |   139
        Lair:1 |       0 |    4109 |   0.0 |       0 |      21 |   0.0 |  1709
        Lair:2 |       0 |    4576 |   0.0 |       0 |      17 |   0.0 |  1903
        Lair:3 |       0 |    5838 |   0.0 |       0 |      34 |   0.0 |  2194
        Lair:4 |       0 |    2656 |   0.0 |       0 |      17 |   0.0 |  1135
        Lair:5 |       0 |    8536 |   0.0 |       0 |      35 |   0.0 |  3212
        Lair:6 |       0 |    1044 |   0.0 |       0 |       6 |   0.0 |   114
               +---------+---------+-------+---------+---------+-------+---------
